[Event "Ceske Budejovice GM 2022"]
[Site "Ceske Budejovice"]
[Date "2022.07.06"]
[Round "6.5"]
[White "Gazik, Viktor"]
[Black "Morgunov, Marc"]
[Result "1-0"]
[ECO "E11"]
[WhiteElo "2544"]
[BlackElo "2376"]
[Annotator "TA"]
[PlyCount "57"]
[EventDate "2022.07.01"]
[EventType "tourn"]
[EventCountry "CZE"]
[SourceTitle "playchess.com"]
[Source "ChessBase"]
[SourceQuality "1"]
[TimeControl "40/5400+30:1800+30"]

1. d4 Nf6 2. c4 e6 3. Nf3 Bb4+ 4. Nbd2 O-O 5. a3 Bxd2+ 6. Bxd2 (6. Kxd2 d6 $15) 6... b6 {[%emt 0:02:19] E11: Bogo-Indian.} 7. g3 d5 8. Bg2 Bb7 {[%emt 0:00:53] The position is equal.} 9. Ne5 Ne4 {[%emt 0:06:28] [#]} 10. O-O $146 ({Predecessor:} 10. Be3 f6 11. Nd3 dxc4 12. Nf4 Qe7 13. Qc2 f5 14. O-O Bd5 15. f3 Nd6 16. Nh3 {1-0 (33) Singer,R (2235)-Liebmann,A Graz 1993}) 10... f6 11. Nd3 dxc4 12. Nf4 Qc8 13. Rc1 g5 14. Nh5 Nxd2 15. Bxb7 (15. Qxd2 $5 Bxg2 16. Kxg2 $11) 15... Qxb7 16. Qxd2 Qd5 17. b3 c5 18. Qb2 {[%emt 0:10:26] Threatens to win with dxc5.} cxd4 {[%emt 0:12:30] [#] Hoping for ...c3.} 19. Rxc4 e5 ({Much less strong is} 19... Nc6 20. Rfc1 Ne5 21. Rxd4 $16) 20. Qc2 Qf7 (20... Nd7 $11) 21. g4 $14 {[%emt 0:00:51][%mdl 1024] aiming for Rc7. White has compensation.} Qe6 (21... f5 $14) 22. Qe4 {[%emt 0:02:31] White is more active.} ({Reject} 22. Rc7 $6 Qxg4+ 23. Ng3 Nd7 $11) 22... Na6 23. Rc6 Nc5 24. Qg2 Qxb3 (24... Qe7 $1 $14) 25. Nxf6+ $40 {[%emt 0:00:01][%mdl 128] White attacks with force.} Kh8 $2 {[%emt 0:00:52] [#]} (25... Kg7) 26. Rc7 $1 {[%emt 0:00:20][%csl Gf6][%cal Rc7h7] White is clearly winning.} Qc2 27. Qc6 Rad8 28. Rxa7 {[%emt 0:00:02] Qc7 is the strong threat.} Qg6 29. Qc7 {[%emt 0:00:19] Weighted Error Value: White=0.08 (flawless) /Black=0.52} 1-0

[Event "Ceske Budejovice GM 2022"]
[Site "Ceske Budejovice"]
[Date "2022.07.07"]
[Round "7.1"]
[White "Morgunov, Marc"]
[Black "Sahidi, Samir"]
[Result "1-0"]
[ECO "B92"]
[WhiteElo "2376"]
[BlackElo "2462"]
[Annotator "RC"]
[PlyCount "75"]
[EventDate "2022.07.01"]
[EventType "tourn"]
[EventCountry "CZE"]
[SourceTitle "playchess.com"]
[Source "ChessBase"]
[SourceQuality "1"]
[TimeControl "40/5400+30:1800+30"]

1. e4 c5 2. Nf3 d6 3. d4 cxd4 4. Nxd4 Nf6 5. Nc3 a6 6. Be2 e5 7. Nb3 Be7 8. O-O O-O 9. Qd3 Be6 10. Bd2 Nbd7 11. Nd5 Bxd5 12. exd5 Rc8 13. c4 g6 14. Na5 Rc7 15. b4 Ne8 16. Bh6 Ng7 17. c5 e4 18. Qd2 Ne5 19. Rac1 dxc5 20. Bf4 f6 21. bxc5 Bxc5 22. Bxe5 fxe5 23. Rxc5 Rxc5 24. Nxb7 Qb6 25. Nxc5 Qxc5 26. Bg4 Ne8 27. Be6+ Kg7 28. Qg5 Qd6 29. Rb1 Nc7 30. Rb7 Re8 31. h4 h6 32. Qe3 a5 33. Qa7 Re7 34. Qb8 h5 35. Qg8+ Kh6 36. Qf8+ Kh7 37. Bg8+ Kh8 38. Bf7+ 1-0

[Event "Ceske Budejovice GM 2022"]
[Site "Ceske Budejovice"]
[Date "2022.07.07"]
[Round "7.2"]
[White "Vykouk, Jan"]
[Black "Gazik, Viktor"]
[Result "1-0"]
[ECO "B01"]
[WhiteElo "2476"]
[BlackElo "2544"]
[Annotator "TA"]
[PlyCount "111"]
[EventDate "2022.07.01"]
[EventType "tourn"]
[EventCountry "CZE"]
[SourceTitle "playchess.com"]
[Source "ChessBase"]
[SourceQuality "1"]
[TimeControl "40/5400+30:1800+30"]

1. e4 d5 2. exd5 Qxd5 3. Nc3 Qa5 4. d4 Nf6 5. Nf3 Bf5 6. Ne5 c6 7. Bc4 e6 8. g4 Bg6 9. h4 Nbd7 10. Nxd7 Nxd7 11. h5 $1 {[%emt 0:00:09] B01: Scandinavian Defence.} Be4 12. O-O $1 {[%emt 0:00:27][%mdl 4] outshines the older 12.Rh3.} Bd5 13. Nxd5 {[%emt 0:00:34] White is slightly better.} cxd5 14. Bd3 Be7 15. Qf3 {[%emt 0:02:18] [#]} g6 $146 ({Predecessor:} 15... h6 16. b3 Nf6 17. Bf4 O-O 18. g5 hxg5 19. Bxg5 Qb4 20. c3 Qd6 21. h6 Ne4 {0-1 (40) Bielecki,P (2010)-Casanovas Cantarero,E (1700) Catalunya 2014}) 16. Bh6 gxh5 17. g5 Qb6 18. c3 Bxg5 19. Bxg5 {[%emt 0:00:31] A strong pair of Bishops.} Rg8 20. Qxh5 h6 $1 21. Qxh6 e5 $1 {[%emt 0:00:10] Strongly threatening ...Qxh6.} 22. Kh2 Qxh6+ 23. Bxh6 Rh8 24. Kg3 Rxh6 25. Rh1 Rxh1 26. Rxh1 $11 {[%emt 0:00:52][%mdl 4096] Endgame KRB-KRN} Ke7 27. dxe5 Nxe5 28. Be2 Rd8 29. Kf4 Kf6 30. Rd1 Ke6 31. Bf1 Ng6+ 32. Ke3 Ne5 33. f4 Ng4+ 34. Kd4 Rh8 {[%emt 0:00:59] Inhibits Bh3.} 35. Bg2 Nf6 36. Re1+ Kd6 37. Rh1 Rxh1 (37... Rg8 $11 38. Bf3 Ke6) 38. Bxh1 {[%emt 0:00:05] KB-KN} b6 {[%emt 0:00:51] [#]} 39. f5 $1 b5 40. b3 Nh5 (40... a5 $16 {is a better defense.}) 41. Bxd5 $18 Ng3 42. Be4 Ne2+ 43. Kd3 Ng3 44. b4 f6 $1 45. a3 Nf1 $2 {[%emt 0:01:47] This costs Black the game.} (45... Ke5 $1 $14 46. Bc6 a6) 46. Kd4 Ng3 47. Bd3 {[%emt 0:00:00] Against Ne2+. aiming for c4.} Kc6 48. c4 bxc4 49. Kxc4 {[%emt 0:00:00] Hoping for a4.} Nh5 50. Be4+ Kd6 $2 {[%emt 0:00:16] [#]} (50... Kb6 $18 51. a4 Kc7) 51. Kb5 $1 {[%emt 0:00:00] Ka6 would kill now.} Kc7 52. Ka6 Kb8 53. b5 {[%emt 0:00:00] Intending b6 and mate.} Ng7 54. b6 axb6 55. Kxb6 Ne8 56. Kc6 {[%emt 0:00:00] Weighted Error Value: White=0.02 (flawless) /Black=0.66} 1-0

[Event "Ceske Budejovice GM 2022"]
[Site "Ceske Budejovice"]
[Date "2022.07.07"]
[Round "7.3"]
[White "Hollan, Martin"]
[Black "Kraus, Tomas"]
[Result "1/2-1/2"]
[ECO "B50"]
[WhiteElo "2399"]
[BlackElo "2488"]
[Annotator "TA"]
[PlyCount "62"]
[EventDate "2022.07.01"]
[EventType "tourn"]
[EventCountry "CZE"]
[SourceTitle "playchess.com"]
[Source "ChessBase"]
[SourceQuality "1"]
[TimeControl "40/5400+30:1800+30"]

1. e4 c5 2. Nf3 d6 3. Nc3 Nf6 4. g3 Nc6 5. Bg2 g6 6. d4 cxd4 7. Nxd4 Nxd4 8. Qxd4 Bg7 9. O-O O-O 10. a4 Be6 11. Qb4 Qc7 12. a5 Nd7 {[%emt 0:06:46] [#]} 13. e5 $146 {[%emt 0:11:59] B70: Sicilian Dragon: 6 g3 and 6 Be2 (without a later Be3).} ({Predecessor:} 13. Bg5 Rfe8 14. Nb5 Qc8 15. Be3 Nc5 16. Rfd1 Bd7 17. Nd4 Qc7 18. Nb5 Qc8 19. Nd4 Qc7 20. Nb5 Qc8 21. Nd4 {½-½ (21) Gunduz,U (2349)-Draskovic,L (2484) Ayvalik 2022}) 13... Bxe5 14. Be3 Bxc3 15. bxc3 {[%emt 0:02:43] The position is equal.} Bc4 16. Qxb7 Qxb7 17. Bxb7 {[%emt 0:00:07] A strong pair of Bishops.} Bxf1 18. Bxa8 Rxa8 19. Kxf1 $11 {[%emt 0:00:16][%mdl 4096] Endgame KRB-KRN} a6 20. Rb1 Rb8 {[%emt 0:04:34] Against Rb7} 21. Rb4 Kf8 22. Rc4 Nc5 23. Bxc5 {[%emt 0:01:05] KRB-KR} Rc8 {[%emt 0:00:18][%mdl 64] [#] Pin} 24. Ke2 dxc5 {[%emt 0:01:08] KR-KR} 25. Kd3 e6 26. Rh4 h5 27. Kc4 Ke7 28. Rf4 f5 29. Rf3 Rb8 30. Kxc5 Rb5+ 31. Kc6 Rxa5 {[%emt 0:01:43] Weighted Error Value: White=0.02 (flawless) /Black=0.07 (flawless)} 1/2-1/2

[Event "Ceske Budejovice GM 2022"]
[Site "Ceske Budejovice"]
[Date "2022.07.07"]
[Round "7.4"]
[White "Donchenko, Alexander"]
[Black "Omelja, Artem"]
[Result "1-0"]
[ECO "A06"]
[WhiteElo "2640"]
[BlackElo "2478"]
[Annotator "TA"]
[PlyCount "71"]
[EventDate "2022.07.01"]
[EventType "tourn"]
[EventCountry "CZE"]
[SourceTitle "playchess.com"]
[Source "ChessBase"]
[SourceQuality "1"]
[TimeControl "40/5400+30:1800+30"]

1. Nf3 d5 2. g3 Nf6 3. Bg2 e6 4. c4 Be7 5. d4 O-O 6. Nc3 c6 7. O-O b6 8. Ne5 Bb7 9. e4 dxc4 10. Nxc4 b5 {[%emt 0:01:23] E06: Closed Catalan: Early deviations.} 11. Ne3 Nbd7 12. Qc2 {[%emt 0:08:22] [#]} (12. e5 $5 Nd5 13. Nexd5 cxd5 14. Qg4 $14) 12... Qb6 $146 {[%emt 0:05:15] White is slightly better.} ({Predecessor:} 12... Rc8 13. Rd1 Qb6 14. b3 Rfe8 15. Bb2 Bf8 {½-½ (57) Adly,A (2593)-Arab,A (2439) Cairo 2015}) 13. Rd1 a6 14. b3 Rac8 15. Bb2 Rfd8 16. Qe2 Re8 17. Rac1 Bf8 (17... c5 $14 18. d5 Rcd8) 18. h4 (18. e5 $16 Nd5 19. Qd3) 18... e5 19. d5 Bc5 20. dxc6 $1 Bxc6 21. Ncd5 Bxd5 22. exd5 g6 23. a3 e4 (23... h5 $11) 24. Bh3 {[%emt 0:01:31] Bxf6 is the strong threat. This bishop pair is nice.} (24. d6 $5 ) 24... Rcd8 (24... Bxe3 $14 25. Qxe3 Rxc1 26. Bxc1 (26. Qxc1 e3 $14) 26... Qxe3 27. Bxe3 Ne5) 25. b4 ({White should play} 25. Bxd7 $18 Nxd7 26. Ng4) 25... Bxe3 $16 26. Qxe3 ({Reject} 26. fxe3 $6 Qd6 27. Qf2 Ne5 $11) 26... Qxe3 27. fxe3 Ne5 {[%emt 0:00:47] Against Rc6} 28. d6 {[%emt 0:03:05] Strongly threatening Bxe5.} Nfd7 29. Bxd7 Nxd7 30. Rc6 $1 Ra8 (30... f6 $142) 31. Rc7 {[%emt 0:00:39] White is more active.} Red8 {[%emt 0:02:38] [#]} 32. g4 {[%emt 0:01:36][%cal Bg3g4,Bg4g5][%mdl 32] And now g5 would win.} f6 33. g5 f5 (33... a5 {was called for.} 34. bxa5 (34. gxf6 axb4 35. axb4 Kf7 $18) 34... Rxa5 35. gxf6 Kf7) 34. h5 gxh5 35. Rd5 Kf7 $2 {[%emt 0:00:32] [#]} (35... a5 36. bxa5 (36. Rxf5 axb4 37. axb4 Ra6 $18) 36... Rxa5) 36. Re5 $1 {[%emt 0:00:08] Weighted Error Value: White=0.13 (very precise) /Black=0.39} ({Weaker is} 36. Rxf5+ Ke6 37. Rf4 Rg8 $11) 1-0

[Event "Ceske Budejovice GM 2022"]
[Site "Ceske Budejovice"]
[Date "2022.07.07"]
[Round "7.5"]
[White "Malinovsky, Karel"]
[Black "Stefansson, Hannes"]
[Result "0-1"]
[ECO "C68"]
[WhiteElo "2463"]
[BlackElo "2541"]
[Annotator "TA"]
[PlyCount "126"]
[EventDate "2022.07.01"]
[EventType "tourn"]
[EventCountry "CZE"]
[SourceTitle "playchess.com"]
[Source "ChessBase"]
[SourceQuality "1"]
[TimeControl "40/5400+30:1800+30"]

1. e4 {[%emt 0:00:03] Mikhalchishin,Adrian} e5 2. Nf3 Nc6 3. Bb5 a6 4. Bxc6 dxc6 5. O-O Bd6 6. d4 exd4 7. Qxd4 f6 8. Nbd2 Be6 9. b3 Ne7 {[%emt 0:05:54] C68: Ruy Lopez: Exchange Variation, sidelines.} 10. Nc4 c5 11. Qc3 {[%emt 0:03:29] [#]} Ng6 $146 {[%emt 0:02:16] The position is equal.} ({Predecessor:} 11... Nc6 12. Nxd6+ cxd6 13. Bf4 Qe7 14. Rad1 Rd8 15. Rd2 O-O 16. Rfd1 Ne5 17. h3 Nf7 {1-0 (38) Oleksienko,M (2615)-Kravtsiv,M (2645) Rivne 2016 CBM 176 [Mikhalchishin,Adrian]}) 12. Nxd6+ cxd6 13. Rd1 O-O 14. h3 Qd7 15. Be3 Qc6 16. Qd3 Rad8 17. c4 b5 18. cxb5 axb5 19. Qc2 Qb7 20. Rd2 (20. b4 $5) 20... Rd7 21. Rad1 Rfd8 22. b4 (22. e5 {is more complex.} Bxh3 23. Ne1 Bg4 24. f3) 22... cxb4 23. Nd4 Bc4 24. Qb1 Ra8 25. f3 ({Better is} 25. Nf5 $11 d5 26. exd5) 25... d5 $15 26. Ne6 Qc6 (26... Rd6 $5 27. Nc5 Qe7 $15) 27. Nc5 Rdd8 28. Qxb4 Bxa2 29. Rxa2 $2 {[%emt 0:01:36] This move loses the game for White.} Rxa2 $19 30. exd5 Qd6 ({Weaker is} 30... Rxd5 31. Qb3 Ra3 32. Qxd5+ $15) 31. Qg4 {[%emt 0:02:36] Inhibits Qg3.} (31. Qd4 $142) 31... f5 32. Qd4 Rc8 {[%emt 0:03:05] ...Ne5 is the strong threat.} ({Worse is} 32... Qg3 33. Bf2 Qe5 34. d6 $17) 33. Ne6 Qe5 34. Qxe5 Nxe5 35. Nd4 {[%emt 0:00:35] Inhibits Rcc2.} (35. d6 {keeps fighting.} Nd7 36. Nc5) 35... b4 36. d6 Nd7 37. Rb1 Rc4 {[%emt 0:02:18][%cal Of5f4] Threatens to win with ...f4!} 38. Nxf5 Rcc2 39. Nh4 (39. Rxb4 {nothing else works.} Rxg2+ 40. Kh1) 39... Rab2 40. Ra1 Kf7 41. f4 Ke6 (41... Ra2 $142 42. Rb1 Rcb2) 42. Bd4 Ra2 {[%emt 0:03:47] Hoping for ...Rxa1+.} 43. Rb1 Rc4 ({But not} 43... Kxd6 $2 44. Rxb4 g6 45. Kh2) 44. Bxg7 Rxf4 45. Nf3 Kxd6 46. Bh6 $2 {[%emt 0:02:43] [#]} (46. Bd4) 46... Re4 $1 47. Nd2 {[%emt 0:01:03] [#]} Re6 48. Bf4+ Kc5 49. Rc1+ Kb6 50. Rc4 Rb2 51. Rc8 {[%emt 0:04:18] Strongly threatening Nc4+.} Kb5 52. Rd8 Nb6 53. Nf3 {[%emt 0:00:33] And now Nd4+ would win.} Rg6 54. Nh4 Rg7 55. Be3 Rb7 {[%emt 0:05:34] Inhibits Rb8.} 56. Nf5 Nc4 57. Nd4+ Ka6 58. Bf2 Rf7 59. Nf3 Kb7 {[%emt 0:01:32] Against Rb8+} 60. Bg3 $2 (60. Rd5) 60... Ne3 {[%emt 0:01:15] Black is clearly winning.} 61. Nd2 Rg7 62. Kf2 {[%emt 0:01:38] [#]} Rxg3 $1 63. Kxg3 {[%emt 0:00:22] [#]} Rxd2 $1 {[%emt 0:00:05][%mdl 512] Weighted Error Value: White=0.52/Black=0.19 (very precise)} 0-1

[Event "Ceske Budejovice GM 2022"]
[Site "Ceske Budejovice"]
[Date "2022.07.08"]
[Round "8.1"]
[White "Sahidi, Samir"]
[Black "Stefansson, Hannes"]
[Result "1-0"]
[ECO "E06"]
[WhiteElo "2462"]
[BlackElo "2541"]
[Annotator "TA"]
[PlyCount "89"]
[EventDate "2022.07.01"]
[EventType "tourn"]
[EventCountry "CZE"]
[SourceTitle "playchess.com"]
[Source "ChessBase"]
[SourceQuality "1"]
[TimeControl "40/5400+30:1800+30"]

1. d4 Nf6 2. c4 e6 3. Nf3 d5 4. g3 Be7 5. Bg2 O-O 6. O-O dxc4 7. Qc2 c6 8. Qxc4 b5 9. Qc2 Bb7 10. Rd1 {[%emt 0:02:23] D30: Queen's Gambit Declined: Systems without Nc3.} Nbd7 11. Ne5 Nxe5 12. dxe5 {[%emt 0:00:07] The position is equal.} Nd5 13. Nc3 Qb8 14. f4 {[%emt 0:03:11] [#]} Rd8 $146 ({Predecessor:} 14... a5 15. Nxd5 cxd5 16. Be3 Rc8 17. Qd2 Rc4 18. Rac1 Bb4 19. Qd3 Qc7 20. b3 Rc3 21. Rxc3 Bxc3 22. Qxb5 {½-½ (45) Delorme,A (2518)-Hammer,J (2628) Helsingor 2017}) 15. Nxd5 cxd5 16. Be3 Rc8 17. Qd3 a6 18. Bd4 Qc7 19. f5 Bc5 20. e3 Bxd4 21. exd4 exf5 22. Qxf5 Qc2 (22... Qb6 $14) 23. Rf1 (23. Bh3 $16) 23... Qxf5 $11 24. Rxf5 a5 25. a3 Ra6 26. Bf1 {[%emt 0:03:24] Strongly threatening a4.} Rb6 27. b4 a4 28. Rf2 Rc3 {[%emt 0:01:58] [#]} 29. Raa2 $1 Ba6 30. Rfc2 Rbc6 31. Rxc3 Rxc3 $14 {[%emt 0:00:06][%mdl 4096] Endgame KRB-KRB} 32. Kf2 Kf8 $1 33. Be2 Ke7 34. Ke1 $1 Rc7 ({Black should play} 34... Kd8 $14) 35. Kd2 $16 h6 36. Ra1 (36. h3 $16) 36... Rc8 37. h4 Rc7 38. g4 Rc8 (38... f6 $16) 39. Rg1 (39. g5 $18) 39... Rc6 {[%emt 0:02:22] [#]} (39... f6 $16 {might work better.} 40. exf6+ gxf6) 40. g5 $1 $18 hxg5 41. hxg5 ({Weaker is} 41. Rxg5 Kf8 42. Rg3 Rh6 $16) 41... g6 $2 (41... Ke6 42. Rh1 Kf5 43. Bd3+ Kxg5) 42. Rf1 Kf8 (42... Rc7 $142 43. Rf6 Bc8 44. Bxb5 Be6) 43. Rf6 Re6 44. Bg4 Rxf6 45. exf6 {[%emt 0:00:00] Weighted Error Value: White=0.11 (very precise) /Black=0.40} 1-0

[Event "Ceske Budejovice GM 2022"]
[Site "Ceske Budejovice"]
[Date "2022.07.08"]
[Round "8.2"]
[White "Omelja, Artem"]
[Black "Malinovsky, Karel"]
[Result "1/2-1/2"]
[ECO "D31"]
[WhiteElo "2478"]
[BlackElo "2463"]
[Annotator "RC"]
[PlyCount "73"]
[EventDate "2022.07.01"]
[EventType "tourn"]
[EventCountry "CZE"]
[SourceTitle "playchess.com"]
[Source "ChessBase"]
[SourceQuality "1"]
[TimeControl "40/5400+30:1800+30"]

1. c4 e6 2. Nc3 d5 3. d4 Be7 4. cxd5 exd5 5. Bf4 Nf6 6. e3 Bf5 7. Nge2 c6 8. Ng3 Bg6 9. h4 h5 10. Be2 Nbd7 11. a3 Kf8 12. Kf1 Nb6 13. Bd3 Bxd3+ 14. Qxd3 g6 15. Nge2 Qd7 16. b3 Re8 17. g3 Nc8 18. Kg2 Bd6 19. a4 Bxf4 20. Nxf4 Nd6 21. Ra2 Kg7 22. Re2 Re7 23. Rhe1 Rd8 24. Nd1 Nf5 25. f3 Qc7 26. Qc3 Kh7 27. Nf2 Ne8 28. N2h3 f6 29. e4 dxe4 30. Rxe4 Neg7 31. Rxe7 Nxe7 32. d5 Nxd5 33. Nxd5 Rxd5 34. Qxf6 Rd2+ 35. Kf1 Qxg3 36. Ng5+ Kh6 37. Nf7+ 1/2-1/2

[Event "Ceske Budejovice GM 2022"]
[Site "Ceske Budejovice"]
[Date "2022.07.08"]
[Round "8.3"]
[White "Kraus, Tomas"]
[Black "Donchenko, Alexander"]
[Result "*"]
[WhiteElo "2488"]
[BlackElo "2640"]
[Annotator "TA"]
[PlyCount "45"]
[EventDate "2022.07.01"]
[EventType "tourn"]
[EventCountry "CZE"]
[SourceTitle "playchess.com"]
[Source "ChessBase"]
[SourceQuality "1"]
[TimeControl "40/5400+30:1800+30"]

1. e4 c5 2. Nf3 d6 3. Bb5+ Nd7 4. d4 cxd4 5. Qxd4 a6 6. Bxd7+ Qxd7 {[%emt 0:00:07] B51: Sicilian: Moscow Variation (3 Bb5+) without 3...Bd7.} 7. O-O e5 8. Qd3 Qc6 9. c4 Be6 10. b3 b5 11. cxb5 Qxb5 12. Rd1 {[%emt 0:06:41][%cal Bf1d1,Bd1d3,Bd3e3][%mdl 32] [#]} Qxd3 $146 ({Predecessor:} 12... Nf6 13. Nc3 Qxd3 14. Rxd3 Rc8 15. Ba3 d5 16. Bxf8 Kxf8 17. Nxe5 dxe4 18. Re3 Rc5 {0-1 (55) Erdogmus,Y (1955)-Cheparinov,I (2667) Tornelo INT 2021}) 13. Rxd3 f5 14. exf5 Bxf5 15. Re3 Nf6 16. Ba3 (16. Nc3 $5 ) 16... Rc8 (16... Nd5 $5 17. Re1 Be7 $11) 17. Nbd2 Be6 18. Ng5 Bd5 19. f4 Be7 20. Nge4 ({Much worse is} 20. fxe5 Ng4 21. exd6 (21. Rd3 Bxg5 22. Rxd5 Be3+ 23. Kf1 O-O+ 24. Ke1 Rf2 $17) 21... Nxe3 $17) (20. Re2 $14) 20... Rc2 $15 {[%emt 0:02:22] Threatens to win with ...Nxe4.} 21. Rd1 O-O ({Of course not} 21... Rxa2 22. Nxd6+ Kd7 23. fxe5 Rxa3 24. exf6 Bxd6 25. Ne4 $11) ({Better is} 21... exf4 $17 22. Nxf6+ gxf6) 22. fxe5 Nxe4 ({Don't take} 22... Ng4 23. Rc3 Rxa2 24. Bxd6 Bxe4 25. Nxe4 $14) 23. Nxe4 {[%emt 0:00:21] Weighted Error Value: White=0.18 (very precise) /Black=0.12 (very precise)} *

[Event "Ceske Budejovice GM 2022"]
[Site "Ceske Budejovice"]
[Date "2022.07.08"]
[Round "8.5"]
[White "Morgunov, Marc"]
[Black "Vykouk, Jan"]
[Result "1/2-1/2"]
[ECO "C08"]
[WhiteElo "2376"]
[BlackElo "2476"]
[Annotator "RC"]
[PlyCount "98"]
[EventDate "2022.07.01"]
[EventType "tourn"]
[EventCountry "CZE"]
[SourceTitle "playchess.com"]
[Source "ChessBase"]
[SourceQuality "1"]
[TimeControl "40/5400+30:1800+30"]

1. e4 e6 2. d4 d5 3. Nd2 c5 4. exd5 exd5 5. dxc5 Bxc5 6. Ngf3 Nf6 7. Nb3 Bb6 8. Bb5+ Bd7 9. Bxd7+ Nbxd7 10. O-O O-O 11. Bg5 Qc7 12. c3 Rfe8 13. Nfd4 Ne4 14. Bh4 Ne5 15. f3 Nd6 16. Bf2 Nec4 17. Qc2 Ne3 18. Bxe3 Rxe3 19. Rfe1 Rae8 20. Qf2 Nc4 21. Rxe3 Rxe3 22. Re1 Rxe1+ 23. Qxe1 Qe5 24. Qxe5 Nxe5 25. Nc1 Nc4 26. Nd3 Ne3 27. Nb4 a5 28. Kf2 Nd1+ 29. Ke2 Nxc3+ 30. bxc3 axb4 31. Nb5 bxc3 32. Nxc3 d4 33. Nb5 Kf8 34. Nd6 Bc7 35. Nxb7 Bxh2 36. Kd3 Ke7 37. Kxd4 Ke6 38. Nc5+ Kf5 39. a4 Bc7 40. Kd5 Kf4 41. Nb7 Kg3 42. Kc6 Bb8 43. a5 Kxg2 44. a6 h5 45. Nd6 Ba7 46. Nc8 Bf2 47. Nb6 h4 48. a7 h3 49. a8=Q h2 1/2-1/2

[Event "Ceske Budejovice GM 2022"]
[Site "Ceske Budejovice"]
[Date "2022.07.09"]
[Round "9.1"]
[White "Vykouk, Jan"]
[Black "Sahidi, Samir"]
[Result "1/2-1/2"]
[ECO "C50"]
[WhiteElo "2476"]
[BlackElo "2462"]
[Annotator "RC"]
[PlyCount "224"]
[EventDate "2022.07.01"]
[EventType "tourn"]
[EventCountry "CZE"]
[SourceTitle "playchess.com"]
[Source "ChessBase"]
[SourceQuality "1"]
[TimeControl "40/5400+30:1800+30"]

1. e4 e5 2. Nf3 Nc6 3. Bc4 Bc5 4. d3 Nf6 5. Nc3 h6 6. O-O d6 7. Na4 a6 8. Nxc5 dxc5 9. Be3 Qd6 10. Nd2 g5 11. a4 b6 12. Ba2 Be6 13. Nc4 Qe7 14. Bd2 O-O-O 15. Ne3 Bxa2 16. Rxa2 Qe6 17. Ra1 Rd7 18. Qe1 Rhd8 19. b4 cxb4 20. Bxb4 Nh5 21. Bc3 Nf4 22. g3 Ng6 23. Qe2 Nge7 24. Qg4 Qg6 25. Nc4 h5 26. Qf3 f6 27. Rab1 Kb7 28. Rb2 Nc8 29. Rfb1 Ka8 30. Qe3 Qe8 31. Qf3 Qf7 32. Qe2 g4 33. Ne3 Qe6 34. f3 h4 35. fxg4 hxg3 36. h3 N8e7 37. Nf5 Rh8 38. d4 exd4 39. Qxa6+ Na7 40. a5 dxc3 41. axb6 cxb6 42. Rxb6 Qxe4 43. R6b4 Qxc2 44. Nxg3 Qd3 45. Qxd3 Rxd3 46. Kf2 Nec6 47. Re4 Rxh3 48. Re8+ Nd8 49. Ne4 c2 50. Rc1 Rh2+ 51. Kg1 Rd1+ 52. Kxh2 Rxc1 53. Rxd8+ Kb7 54. Nc5+ Kc7 55. Nb3 Rb1 56. Rd2 Rxb3 57. Rxc2+ Nc6 58. g5 f5 59. Rc5 f4 60. g6 Kd6 61. Rf5 Rg3 62. Rxf4 Rxg6 63. Rf3 Ke5 64. Rg3 Rf6 65. Kg2 Ke4 66. Rg4+ Ke3 67. Rg3+ Ke2 68. Ra3 Ne5 69. Kg3 Nc4 70. Ra2+ Kd3 71. Kg4 Ke4 72. Re2+ Kd5 73. Kg5 Rf8 74. Ra2 Ke6 75. Kg4 Ne3+ 76. Kg3 Ke5 77. Ra5+ Nd5 78. Kg2 Rf4 79. Kg3 Re4 80. Kf3 Re3+ 81. Kf2 Rb3 82. Ra8 Nf6 83. Ke2 Rh3 84. Ra5+ Kf4 85. Kd2 Ne4+ 86. Kc2 Rc3+ 87. Kb2 Rc8 88. Ra7 Ke5 89. Rh7 Kd5 90. Kb3 Kc5 91. Rh5+ Kd4 92. Rh4 Rc7 93. Kb2 Rg7 94. Kb3 Rg2 95. Ka3 Rc2 96. Kb3 Re2 97. Kb4 Rb2+ 98. Ka5 Kd5 99. Rh5+ Kc6 100. Rh6+ Nd6 101. Ka4 Rb8 102. Ka3 Rb6 103. Ka2 Kc5 104. Rh5+ Kb4 105. Kb2 Nc4+ 106. Kc2 Rd6 107. Rh8 Ne3+ 108. Kb2 Rd2+ 109. Kc1 Re2 110. Rc8 Kb3 111. Rb8+ Kc3 112. Rc8+ Nc4 1/2-1/2

[Event "Ceske Budejovice GM 2022"]
[Site "Ceske Budejovice"]
[Date "2022.07.09"]
[Round "9.2"]
[White "Hollan, Martin"]
[Black "Morgunov, Marc"]
[Result "0-1"]
[ECO "A05"]
[WhiteElo "2399"]
[BlackElo "2376"]
[Annotator "RC"]
[PlyCount "74"]
[EventDate "2022.07.01"]
[EventType "tourn"]
[EventCountry "CZE"]
[SourceTitle "playchess.com"]
[Source "ChessBase"]
[SourceQuality "1"]
[TimeControl "40/5400+30:1800+30"]

1. Nf3 Nf6 2. g3 g6 3. b3 b6 4. Bg2 Bb7 5. Bb2 Bg7 6. O-O O-O 7. c4 e6 8. d4 d6 9. Nc3 Nbd7 10. e3 a6 11. Qe2 c5 12. Rfd1 Qc7 13. Rac1 Rac8 14. Ne1 Bxg2 15. Nxg2 Rfd8 16. Rd2 h5 17. Rcd1 cxd4 18. exd4 Bh6 19. Ne3 Qb7 20. h3 h4 21. Rd3 hxg3 22. fxg3 b5 23. Rf1 Bxe3+ 24. Rxe3 bxc4 25. bxc4 Qb4 26. g4 Qxc4 27. Qf2 Rf8 28. Rf3 e5 29. dxe5 dxe5 30. g5 Nh5 31. Rd1 Nc5 32. Nd5 Ne4 33. Ne7+ Kh7 34. Qf1 Qc5+ 35. Rd4 Nxg5 36. Nxc8 Nxf3+ 37. Qxf3 exd4 0-1